 Dungeon Crawl Stone Soup version 0.30-a0-808-g6e0788376e (webtiles) character file.

Game seed: 6770919240685162714

350 cforsyth the Sneak (level 6, -1/38 HPs)
             Began as a Kobold Brigand on Feb 25, 2023.
             Was an Initiate of Hepliaklqana.
             Slain by an orc priest
             ... wielding a +0 mace
              (6 damage)
             ... on level 5 of the Dungeon.
             The game lasted 00:03:30 (4226 turns).

cforsyth the Sneak (Kobold Brigand)                 Turns: 4226, Time: 00:03:31

Health: -1/38      AC: 13    Str:  8    XL:     6   Next: 92%
Magic:  6/6        EV: 16    Int: 16    God:    Hepliaklqana [......]
Gold:   86         SH:  0    Dex: 18    Spells: 5/5 levels left

rFire   + . .      SeeInvis .    n - +6 hand axe "Disasin" {protect, rF+ Int+3}
rCold   . . .      Faith    .    (no shield)
rNeg    . . .      Spirit   .    b - +0 robe
rPois   .          Reflect  .    (no helmet)
rElec   .          Harm     .    x - +2 cloak
rCorr   .          Rampage  .    q - +0 pair of gloves
Will    .....                    (no boots)
Stlth   +++++                    (no amulet)
HPRegen 0.26/turn                (no ring)
MPRegen 0.10/turn                (no ring)

@: under a protective aura
A: small, no large weapons, nightstalker 3
a: Renounce Religion


You were on level 5 of the Dungeon.
You worshipped Hepliaklqana.
Hepliaklqana was noncommittal.
You visited 2 branches of the dungeon, and saw 6 of its levels.

You collected 258 gold pieces.
You spent 172 gold pieces at shops.

Inventory:

Hand Weapons
 a - a +2 dagger
 n - the +6 hand axe "Disasin" (weapon) {protect, rF+ Int+3}
   (You found it on level 2 of the Dungeon)

   Int:       It affects your intelligence (+3).
   rF:        It protects you from fire.
Missiles
 d - 17 poisoned darts (quivered)
 e - 3 curare-tipped darts
 v - 2 throwing nets
Armour
 b - a +0 robe (worn)
 c - a +0 cloak
 q - a +0 pair of gloves (worn)
 x - a +2 cloak (worn)
Jewellery
 z - a ring of protection from fire
Wands
 y - a wand of iceblast (6)
Scrolls
 f - a scroll of fog {unknown}
 g - 2 scrolls of enchant weapon {unknown}
 h - 4 scrolls of immolation {unknown}
 m - a scroll of torment {unknown}
 r - 2 scrolls of teleportation {unknown}
 t - a scroll of fear {unknown}
 u - 2 scrolls of poison {unknown}
 w - 5 scrolls of identify {unknown}
 B - a scroll of vulnerability {unknown}
 E - a scroll of blinking {unknown}
 F - a scroll of magic mapping {unknown}
 H - a scroll of amnesia {unknown}
Potions
 i - a potion of cancellation {unknown}
 j - a potion of flight {unknown}
 k - a potion of resistance {unknown}
 l - a potion of degeneration {unknown}
 o - 2 potions of heal wounds {unknown}
 p - a potion of haste {unknown}
 s - a potion of brilliance {unknown}
 A - a potion of attraction {unknown}
 C - a potion of ambrosia {unknown}
 D - a potion of curing {unknown}
 G - a potion of berserk rage {unknown}


   Skills:
 + Level 4.1 Fighting
 + Level 5.0 Short Blades
 - Level 2.1 Throwing
 + Level 3.9 Dodging
 + Level 7.1 Stealth


You had 5 spell levels left.
You didn't know any spells.
Your spell library contained the following spells:

 Spells                   Type           Power      Damage    Failure   Level
 Apportation              Tloc           0%         N/A       26%         1
 Freeze                   Ice            0%         1d3       26%         1
 Necrotise                Necr           0%         1d4       26%         1
 Summon Small Mammal      Summ           0%         N/A       26%         1
 Cigotuvi's Dreadful Rot  Necr/Pois/Air  0%         N/A       36%         2
 Poisonous Vapours        Pois/Air       0%         N/A       36%         2
 Dazzling Flash           Conj/Hex       0%         N/A       58%         3
 Frozen Ramparts          Ice            0%         1d1       58%         3
 Hailstorm                Conj/Ice       0%         3d3       58%         3
 Mephitic Cloud           Conj/Pois/Air  0%         N/A       58%         3
 Vampiric Draining        Necr           0%         2d6       58%         3
 Vhi's Electric Charge    Tloc/Air       0%         N/A       58%         3
 Ice Form                 Ice/Tmut       0%         N/A       94%         4
 Iskenderun's Mystic Bla  Conj/Tloc      0%         2d3       94%         4
 Agony                    Necr           0%         N/A       100%        5
 Arcjolt                  Conj/Air       0%         1d10      100%        5
 Simulacrum               Ice/Necr       0%         N/A       100%        6
 Starburst                Conj/Fire      0%         6d3       100%        6
 Maxwell's Capacitive Co  Air            0%         ∞         100%        8


Dungeon Overview and Level Annotations

Branches:
Dungeon (5/15)             Temple (1/1) D:4

Altars:
Ashenzari
Cheibriados
Dithmenos
Elyvilon
Fedhas
Hepliaklqana
Kikubaaqudgha
Nemelex Xobeh
Okawaru
Trog
Vehumet
Wu Jian
Xom

Shops:
D:2 :[(=

Annotations:
D:4 Robin


Innate Abilities, Weirdness & Mutations

You are small and have problems with some larger weapons.
You are completely attuned to the shadows.


Message History

The orc priest is heavily wounded.
You hit the orc. You closely miss the orc priest.
The orc priest barely misses you. The orc closely misses you.
The orc priest invokes the aid of Beogh against you.
Beogh smites you!
You are too injured to fight recklessly!
You are too injured to fight recklessly!
You are too injured to fight recklessly!
You are too injured to fight recklessly!
You are too injured to fight recklessly!
You are too injured to fight recklessly!
You are too injured to fight recklessly!
You hit the orc priest.
The orc priest is lightly wounded.
You hit the orc priest. You hit the orc.
You kill the orc!
The orc priest mumbles some strange prayers to Beogh against you.
Pain shoots through your body!
* * * LOW HITPOINT WARNING * * *
The orc priest completely misses you.
The orc priest calls upon Beogh to heal the orc priest.
The orc priest's wounds heal themselves!
The orc priest barely misses you.
You hit the orc priest.
The orc priest is almost dead.
You hit the orc priest but do no damage.
The orc priest mumbles some strange prayers to Beogh against you.
You barely resist. The orc priest barely misses you.
You closely miss the orc priest.
The orc priest is almost dead.
You slash the orc priest! The orc priest barely misses you. x2
You closely miss the orc priest.
The orc priest is almost dead.
You hit the orc priest.
The orc priest hits you with a +0 dagger.
* * * LOW HITPOINT WARNING * * *
The orc priest begins to cast a cantrip, but forgets the words!
The orc priest mumbles some strange prayers to Beogh against you.
You barely resist. The orc priest hits you with a +0 mace.
You die...

#..................#
...................#
...................#
...................#
..................#
..............#
##...#######..#
#...###..#####
.....)@)...
......oo...
...........
...........
..........


You could see 2 orc priests.

Vanquished Creatures
  An ogre (D:4)
  A hound (D:4)
  3 iguanas (D:4)
  3 adders
  3 gnolls (D:2)
  A shadow imp (D:5)
  2 worms (D:4)
  2 dart slugs
  11 orcs
  7 endoplasms
  8 goblins
  12 hobgoblins
  3 jackals (D:1)
  3 kobolds
  3 quokkas
  6 ball pythons
  2 bats
  3 frilled lizards
  6 rats
80 creatures vanquished.

Vanquished Creatures (others)
  A fungus (D:4)
1 creature vanquished.

Grand Total: 81 creatures vanquished

Notes
Turn   | Place    | Note
-------+----------+-------------------------------------------
     0 | D:1      | cforsyth the Kobold Brigand began the quest for the Orb.
     0 | D:1      | Reached XP level 1. HP: 12/12 MP: 1/1
   224 | D:1      | Reached XP level 2. HP: 18/18 MP: 2/2
   859 | D:1      | Reached XP level 3. HP: 22/22 MP: 3/3
   951 | D:2      | Identified the +6 hand axe "Disasin" {protect, rF+ Int+3}
   973 | D:2      | Identified the +0 leather armour "Woatauss" {rN++}
  1149 | D:2      | Found Veshiluc's Jewellery Emporium.
  1240 | D:2      | Found Japnuu's Weapon Emporium.
  1348 | D:2      | Found Liah's Antique Armour Shop.
  1423 | D:2      | Reached XP level 4. HP: 21/27 MP: 4/4
  1521 | D:2      | Reached skill level 6 in Stealth
  1736 | D:2      | Found Ceinuruw's Book Shoppe.
  1870 | D:2      | Bought an embroidered cloak for 172 gold pieces
  2148 | D:3      | Reached XP level 5. HP: 32/32 MP: 5/5
  2599 | D:4      | Found a broken altar of Ashenzari.
  2602 | D:4      | Found an ornate altar of the Wu Jian Council.
  2605 | D:4      | Found a white marble altar of Elyvilon.
  2609 | D:4      | Found a bloodstained altar of Trog.
  2612 | D:4      | Found a snail-covered altar of Cheibriados.
  2815 | D:4      | Noticed an ogre
  2823 | D:4      | Killed an ogre
  2824 | D:4      | Reached XP level 6. HP: 22/37 MP: 6/6
  3172 | D:4      | Reached skill level 7 in Stealth
  3315 | D:4      | Found a staircase to the Ecumenical Temple.
  3352 | Temple   | Entered the Ecumenical Temple
  3361 | Temple   | Became a worshipper of Hepliaklqana the Forgotten
  3375 | D:4      | Noticed Robin
  3532 | D:4      | Identified the +0 short sword "Loiruo" {venom, Drain rElec
                  | Str+2 Int+6}
  4124 | D:5      | Entered Level 5 of the Dungeon
  4130 | D:5      | Reached skill level 5 in Short Blades
  4226 | D:5      | Slain by an orc priest

Illustrated notes

Levels and vault maps discovered:
D:1:      giann_bridges, layout_basic
D:2:      layout_basic, serial_shops, nicolae_shop_statue_plus, shop_coins,
          shop, shop, fountainhead, roderic_roman_lattice
D:3:      layout_basic, chequers_arboretum
D:4:      layout_layer_cave, nicolae_overflow_hallway_of_the_gods,
          temple_statues, uniq_crazy_yiuf_cottage, uniq_robin
D:5:      layout_gridville, minmay_manual_monolith
Temple:   hellmonk_temple_two_chambers

Skill      XL: |  1  2  3  4  5  6 |
---------------+-------------------+-----
Short Blades   | 3 4 5 |  5.0
Dodging        | 2 3 |  3.9
Fighting       | 3 4 |  4.1
Stealth        | 6 7 |  7.1
Throwing       | |  2.1

Action                     |  1- 3 |  4- 6 || total
---------------------------+-------+-------++-------
  Melee: Dagger            |    57 |       ||    57
         Punch             |     1 |     1 ||     2
         Hand axe          |    27 |   119 ||   146
   Stab: Sleeping          |    11 |    18 ||    29
         Distracted        |       |     3 ||     3
 Armour: Robe              |    28 |    28 ||    56
  Dodge: Dodged            |    47 |    94 ||   141

Table legend: (Time is in decaauts)
 A = Elapsed time spent in this place.
 B = Non-inter-level travel time spent in this place.
 C = Inter-level travel time spent in this place.
 D = Time resting spent in this place.
 E = Time spent auto-exploring this place.
 F = Levels seen in this place.
 G = Mean time per level.
                   A        B        C        D        E       F      G
               +--------+--------+--------+--------+--------+-----+--------+
         Total |   4264 |   4097 |    167 |      0 |   3515 |   6 |  710.7 |
       Dungeon |   4245 |   4087 |    158 |      0 |   3515 |   5 |  849.0 |
        Temple |     18 |      9 |      9 |      0 |      0 |   1 |   18.0 |
               +--------+--------+--------+--------+--------+-----+--------+

Top non-repeatable levels by time:
     D:4: 1598 daAuts
     D:2: 967 daAuts
     D:1: 933 daAuts
     D:3: 641 daAuts
     D:5: 104 daAuts
  Temple: 18 daAuts
